Map: Nightshade LE

Players

Geoff - Winner!

  • Race: Terran Terran
  • League: Master
  • Spawn Location: 5:00

Cereal

  • Race: Zerg Zerg
  • League: Master
  • Spawn Location: 11:00

VOD

Have the link to the VOD?

Description

Time

  • Played on: March 12, 2020, 3:31 p.m.
  • Length: 11:05
Show
View Real Time Build Order
Export as new Build Order

Geoff Terran - Winner!

Build Orders: 2 Factory, Mech 

Get SALT Encoding   

  12  0:00  SCV  
  13  0:13  SCV  
  14  0:17  Supply Depot  
  14  0:25  SCV  
  15  0:39  SCV  
  15  0:42  Barracks  
  16  0:51  SCV  
  17  1:03  SCV  
  18  1:13  Command Center  
  18  1:16  SCV  
  19  1:28  Marine  
  19  1:29  Orbital Command  
  20  1:34  Refinery  
  20  1:39  Refinery  
  20  1:46  Marine  
  21  1:56  SCV  
  22  2:06  Bunker  
  22  2:08  Marine  
  23  2:22  Factory  
  23  2:24  SCV  
  23  2:26  Orbital Command  
  24  2:43  Refinery, Factory, SCV  
  25  2:44  Marine  
  26  2:54  SCV  
  26  2:55  SCV  
  28  3:03  Factory  
  28  3:06  SCV  
  28  3:10  Factory Tech Lab  
  28  3:12  SCV  
  30  3:16  Supply Depot  
  30  3:18  SCV  
  31  3:28  Factory Tech Lab  
  31  3:39  Siege Tank  
  31  3:40  SCV x2  
  36  3:42  Supply Depot  
  36  3:52  SCV  
  36  3:55  Factory Reactor, Cyclone  
  37  4:04  SCV x2  
  37  4:06  Supply Depot  
  39  4:16  SCV  
  40  4:17  Mag-Field Accelerator  
  40  4:18  Infernal Pre-Igniter  
  40  4:21  SCV  
  41  4:27  Hellion  
  41  4:31  SCV  
  44  4:32  Hellion x2  
  44  4:35  Cyclone  
  51  4:39  Supply Depot  
  51  4:42  SCV  
  52  4:47  SCV  
  52  4:50  Cyclone  
  56  4:54  SCV  
  56  4:55  Hellion  
  56  4:58  Hellion  
  61  5:00  SCV  
  61  5:02  Supply Depot  
  61  5:06  SCV  
  63  5:10  Cyclone  
  63  5:14  SCV  
  67  5:18  Hellion, SCV  
  70  5:24  Hellion, Cyclone  
  70  5:25  Supply Depot  
  75  5:30  Supply Depot  
  75  5:41  Hellion, SCV  
  78  5:47  SCV  
  79  5:53  Hellion, Cyclone, SCV  
  85  5:59  SCV  
  85  6:03  Command Center  
  86  6:08  Cyclone  
  86  6:09  Hellion, SCV  
  92  6:11  SCV  
  91  6:24  Hellion  
  93  6:30  Hellion, Cyclone  
  52  7:10  SCV x2  
  47  7:22  SCV  
  46  7:26  SCV x2  
  46  7:27  Engineering Bay  
  48  7:38  Cyclone x2  
  48  7:39  Hellion x2  
  48  7:43  SCV x3  
  61  7:55  SCV  
  61  7:57  Missile Turret  
  62  8:00  Missile Turret  
  62  8:03  SCV  
  63  8:10  SCV x2  
  65  8:22  Cyclone  
  65  8:23  Cyclone  
  65  8:25  SCV  
  62  8:50  Hellion x2  
  58  9:18  Hellion, Cyclone x2  
  58  9:19  Hellion  
  68  9:36  SCV x3  
  71  9:48  SCV x2  
  70  9:57  Hellion x2, Cyclone x2  
  80  10:03  SCV x2  
  82  10:08  SCV  
  82  10:10  Refinery  
  78  10:27  SCV x2  
Show
View Real Time Build Order
Export as new Build Order

Cereal Zerg 

Build Orders: Pool First 

Get SALT Encoding   

  12  0:01  Drone  
  13  0:13  Overlord  
  13  0:17  Drone  
  14  0:31  Drone x2  
  14  0:35  Drone  
  17  0:44  Spawning Pool  
  17  0:49  Drone  
  17  0:56  Drone  
  18  1:12  Hatchery  
  18  1:16  Extractor  
  18  1:17  Drone  
  17  1:19  Drone  
  18  1:31  Queen  
  18  1:32  Zergling x2  
  21  1:43  Roach Warren  
  21  1:45  Drone  
  21  1:50  Drone  
  22  2:05  Overlord  
  22  2:22  Queen  
  22  2:29  Overlord  
  24  2:30  Drone x2  
  24  2:33  Drone  
  24  2:36  Roach  
  28  2:48  Roach x3  
  28  2:51  Overlord  
  34  2:56  Drone  
  34  2:57  Drone  
  36  3:12  Drone x2  
  38  3:16  Drone x3  
  38  3:17  Drone  
  42  3:21  Lair  
  42  3:24  Drone  
  44  3:27  Drone  
  44  3:32  Overlord  
  44  3:55  Overlord  
  44  3:56  Drone  
  44  3:57  Drone  
  42  4:04  Drone x2  
  42  4:05  Overlord  
  42  4:07  Extractor x2  
  42  4:08  Drone x2  
  42  4:09  Drone, Extractor  
  44  4:12  Overlord  
  44  4:15  Drone x3  
  47  4:21  Spire  
  47  4:22  Roach  
  48  4:27  Drone  
  49  4:32  Drone  
  49  4:34  Spore Crawler  
  49  4:35  Drone x2, Spore Crawler  
  49  4:37  Drone x2  
  52  4:42  Drone x3  
  55  4:54  Roach  
  55  4:55  Roach  
  55  4:58  Overlord  
  59  5:11  Hatchery  
  59  5:13  Overseer  
  58  5:16  Glial Reconstitution  
  58  5:34  Mutalisk  
  58  5:35  Mutalisk x4  
  64  5:40  Zergling x2  
  64  5:41  Overlord x3  
  64  5:42  Overlord  
  69  5:54  Evolution Chamber  
  69  5:55  Evolution Chamber  
  67  6:00  Roach x2  
  67  6:02  Roach  
  67  6:03  Roach x3  
  79  6:17  Roach x4  
  80  6:24  Roach x4  
  74  6:33  Roach x2  
  74  6:35  Roach  
  73  6:42  Roach  
  73  6:46  Roach  
  75  6:51  Roach  
  64  7:06  Drone x3  
  59  7:21  Zerg Missile Weapons Level 1  
  55  7:29  Roach  
  57  7:30  Roach x3  
  57  7:31  Zerg Ground Armor Level 1  
  57  7:34  Drone  
  57  7:35  Queen, Hatchery  
  65  7:41  Roach x2  
  65  7:43  Ravager  
  70  7:44  Ravager x2  
  70  7:45  Ravager x3  
  75  7:52  Roach x2  
  79  7:58  Overlord  
  79  8:01  Drone x2  
  79  8:02  Drone  
  79  8:04  Drone  
  83  8:14  Drone  
  83  8:15  Overlord  
  84  8:25  Overseer  
  84  8:32  Overlord  
  67  8:41  Hatchery  
  67  8:43  Roach  
  67  8:44  Roach x4  
  71  8:49  Roach x2  
  71  8:54  Roach x2  
  79  9:00  Roach x2  
  78  9:04  Roach  
  63  9:17  Roach x3  
  63  9:20  Ravager  
  63  9:21  Ravager x2  
  63  9:22  Roach  
  72  9:29  Roach x2  
  74  9:34  Roach  
  74  9:35  Roach x3  
  74  9:38  Overlord  
  80  9:48  Roach  
  73  9:56  Roach x4  
  73  9:57  Roach  
  83  10:06  Zergling x2  
  84  10:10  Overlord  
  59  10:29  Roach  
  59  10:30  Roach x7  
  59  10:34  Ravager  
  65  10:45  Roach x2  
  65  10:46  Roach x2  
Tags
 
Composition
Mech
Matchup
TvZ
Spawn Locations
Cross Positions
Add a new tag
Caveats
  • Supply blocks, unpowered buildings, or Contaminate may cause inaccurate times.
  • Supply counts are checked every 10 seconds.